 Dungeon Crawl Stone Soup version 0.31-a0-542-gdc2a67831c (webtiles) character file.

Game seed: 12430409700138944709

2625 bmack86 the Cleaver (level 9, -8/70 HPs)
             Began as a Minotaur Fighter on Aug 14, 2023.
             Was a Follower of Trog.
             Mangled by a yak (15 damage)
             ... on level 6 of the Dungeon.
             The game lasted 00:10:30 (4114 turns).

bmack86 the Cleaver (Minotaur Fighter)              Turns: 4114, Time: 00:10:30

Health: -8/70      AC: 13    Str: 32    XL:     9   Next: 34%
Magic:  8/8        EV: 15    Int:  5    God:    Trog [*.....]
Gold:   130        SH:  4    Dex:  9    Spells: 8/8 levels left

rFire   . . .        a - +0 war axe
rCold   . . .        c - +0 buckler
rNeg    . . .        b - +0 scale mail
rPois   .            (helmet restricted)
rElec   +            z - +0 cloak
rCorr   .            (no gloves)
SInv    .            f - +0 pair of boots
Will    .....        m - amulet "Tezxesm" {RegenMP Harm Fragile rElec Str+6} Stlth
                     A - +4 ring of protection
HPRegen 0.31/turn    C - +5 ring of evasion
MPRegen 0.51/turn

%: harm (+30% outgoing, +20% incoming)
@: no status effects
A: horns 2, retaliatory headbutt
a: Renounce Religion, Berserk


You were on level 6 of the Dungeon.
You worshipped Trog.
Trog was aware of your devotion.
You visited 1 branch of the dungeon, and saw 6 of its levels.

You collected 226 gold pieces.
You spent 96 gold pieces at shops.

Inventory:

Hand Weapons
 a - a +0 war axe (weapon)
Missiles
 w - a throwing net
Armour
 b - a +0 scale mail (worn)
 c - a +0 buckler (worn)
 f - a +0 pair of boots (worn)
 n - a +0 tower shield
 z - a +0 cloak (worn)
Jewellery
 m - the amulet "Tezxesm" (around neck) {RegenMP Harm Fragile rElec Str+6}
   (You found it on level 3 of the Dungeon)

   [amulet of magic regeneration]

   RegenMP:   It increases your rate of magic regeneration.
   Str+6:     It affects your strength (+6).
   rElec:     It insulates you from electricity.
   Fragile:   It will be destroyed if unequipped.
   Harm:      It increases damage dealt and taken.
 A - a +4 ring of protection (left hand)
 C - a +5 ring of evasion (right hand)
Wands
 q - a wand of polymorph (8)
 y - a wand of roots (12)
Scrolls
 e - 3 scrolls of teleportation {unknown}
 g - 8 scrolls of identify {unknown}
 h - 2 scrolls of vulnerability {unknown}
 l - a scroll of torment {unknown}
 o - a scroll of butterflies {unknown}
 r - a scroll of brand weapon {unknown}
 u - a scroll of revelation {unknown}
 v - a scroll of blinking {unknown}
 x - a scroll of noise {unknown}
Potions
 d - a potion of might
 i - a potion of mutation {unknown}
 j - 2 potions of enlightenment {unknown}
 k - 6 potions of curing
 p - 2 potions of ambrosia {unknown}
 s - 2 potions of lignification {unknown}
 t - a potion of haste {unknown}
 B - a potion of cancellation {unknown}


   Skills:
 - Level 3.6 Fighting
 + Level 14.7 Axes
 - Level 3.6 Armour
 - Level 5.0 Shields


You had 8 spell levels left.
You didn't know any spells.
Your spell library was empty.

Dungeon Overview and Level Annotations

Branches:
Dungeon (6/15)
 Temple: D:4-7

Altars:
Ashenzari
Cheibriados
Dithmenos
Hepliaklqana
Nemelex Xobeh
Ru
Trog
Vehumet
Xom

Shops:
D:4 :*:


Innate Abilities, Weirdness & Mutations

You have a pair of horns on your head.
You reflexively headbutt those who attack you in melee.


Message History

You slash the yak! You headbutt the yak.
The yak is almost dead.
You hit the yak. You headbutt the yak, but do no damage.
The yak is almost dead.
The yak gores you but does no damage.
You slash the yak!
You kill the yak!
Trog accepts your kill.
You slash the yak!
The yak is moderately wounded.
The yak gores you.
* * * LOW HITPOINT WARNING * * *
You hit the yak.
The yak is heavily wounded.
You block the yak's attack.
You slash the yak!
The yak is almost dead.
You slash the yak!
You kill the yak!
Trog accepts your kill.
You slash the yak!
The yak is heavily wounded.
The yak gores you!
* * * LOW HITPOINT WARNING * * *
You barely miss the yak. You headbutt the yak!
The yak is severely wounded.
The yak gores you.
* * * LOW HITPOINT WARNING * * *
You slice the yak!!
You kill the yak!
Trog accepts your kill.
It was a potion of curing.
You feel better.
You hit the yak. Your headbutt misses the yak.
The yak is lightly wounded.
The yak gores you.
* * * LOW HITPOINT WARNING * * *
You hit the yak.
The yak is lightly wounded.
The yak gores you!
You die...

### # #?. .#
#.#######.## ##
###.#.... ... .
... .......
Y.... #..###.#.#
#.#.#
#........##....#
#........@Y..#
#..###..####.#
#..###..#....#
#..#....#....##
#.....))#.....##
#.....)))).._...
#.#...)####.....
# ##...# ...
##.## .


You could see a yak.

Vanquished Creatures
  Pikel (D:5)
  Sigmund (D:4)
  5 yaks (D:6)
  Eustachio (D:4)
  A water moccasin (D:5)
  An orc warrior (D:6)
  2 black bears
  A centaur (D:6)
  A scorpion (D:5)
  A howler monkey (D:5)
  2 hounds
  2 orc priests (D:6)
  2 gnoll boudas
  A sleepcap (D:5)
  2 jellies (D:5)
  Crazy Yiuf (D:5)
  3 orc wizards
  An iguana (D:6)
  12 gnolls
  3 adders
  A dart slug (D:1)
  13 orcs
  3 bats
  8 endoplasms
  3 goblins
  5 hobgoblins
  3 jackals (D:2)
  A quokka (D:3)
  4 ball pythons
  5 frilled lizards
  7 kobolds
  4 rats
101 creatures vanquished.

Notes
Turn   | Place    | Note
-------+----------+-------------------------------------------
     0 | D:1      | bmack86 the Minotaur Fighter began the quest for the Orb.
     0 | D:1      | Reached XP level 1. HP: 19/19 MP: 0/0
   341 | D:1      | Reached XP level 2. HP: 22/26 MP: 1/1
   620 | D:2      | Reached skill level 3 in Axes
   771 | D:2      | Found a shadowy altar of Dithmenos.
  1177 | D:2      | Reached XP level 3. HP: 31/31 MP: 2/2
  1355 | D:3      | Identified the amulet "Tezxesm" {RegenMP Harm Fragile rElec
                  | Str+6}
  1638 | D:3      | Found a sacrificial altar of Ru.
  1788 | D:3      | Reached skill level 5 in Shields
  1790 | D:3      | Reached skill level 4 in Axes
  1790 | D:3      | Reached XP level 4. HP: 36/39 MP: 3/3
  1861 | D:3      | Found a bloodstained altar of Trog.
  1869 | D:3      | Became a worshipper of Trog the Wrathful
  2040 | D:4      | Found Cuplala's Book Shop.
  2105 | D:4      | Found Xaimar's Assorted Antiques.
  2108 | D:4      | Bought a scroll labelled GEEN BUKHAUWUPREGG for 20 gold
                  | pieces
  2108 | D:4      | Bought a brown potion for 18 gold pieces
  2108 | D:4      | Bought a bubbling amethyst potion for 18 gold pieces
  2108 | D:4      | Bought a scroll labelled OBROOT OPTI for 20 gold pieces
  2108 | D:4      | Bought a scroll labelled DOIFRU EGHOAHAUT for 20 gold
                  | pieces
  2132 | D:4      | Reached skill level 5 in Axes
  2195 | D:4      | Found Laekh's Book Shop.
  2209 | D:4      | Reached XP level 5. HP: 45/45 MP: 4/4
  2266 | D:4      | Noticed Eustachio
  2269 | D:4      | Reached skill level 6 in Axes
  2280 | D:4      | Reached * piety under Trog
  2281 | D:4      | Killed Eustachio
  2282 | D:4      | Reached skill level 7 in Axes
  2282 | D:4      | Reached XP level 6. HP: 24/51 MP: 5/5
  2487 | D:4      | Found a sparkling altar of Nemelex Xobeh.
  2504 | D:4      | Noticed Sigmund
  2517 | D:4      | Killed Sigmund
  2518 | D:4      | Reached skill level 8 in Axes
  2518 | D:4      | Reached XP level 7. HP: 18/57 MP: 6/6
  2754 | D:5      | Entered Level 5 of the Dungeon
  2759 | D:5      | Found a snail-covered altar of Cheibriados.
  2780 | D:5      | Reached skill level 9 in Axes
  2850 | D:5      | Found a broken altar of Ashenzari.
  2900 | D:5      | Found a radiant altar of Vehumet.
  2977 | D:5      | Reached skill level 10 in Axes
  3023 | D:5      | Noticed Pikel
  3031 | D:5      | Killed Pikel
  3032 | D:5      | Reached skill level 11 in Axes
  3032 | D:5      | Reached XP level 8. HP: 57/64 MP: 7/7
  3035 | D:5      | Reached skill level 12 in Axes
  3354 | D:5      | Found a runed translucent door.
  3355 | D:5      | Noticed Crazy Yiuf
  3360 | D:5      | Killed Crazy Yiuf
  3582 | D:5      | Found a shimmering altar of Xom.
  4012 | D:6      | Found a hazy altar of Hepliaklqana.
  4042 | D:6      | Reached skill level 13 in Axes
  4095 | D:6      | Reached XP level 9. HP: 23/70 MP: 8/8
  4100 | D:6      | Reached skill level 14 in Axes
  4110 | D:6      | HP: 2/70 [yak (7)]
  4114 | D:6      | Mangled by a yak

Illustrated notes

Levels and vault maps discovered:
D:1:      minmay_arrival_loop, layout_basic
D:2:      layout_basic, basic_altar
D:3:      layout_basic, nicolae_overflow_hidden_temple, lightli_temple_of_fire
D:4:      layout_rooms, mainiacjoe_overflow_paths, serial_shops, shop,
          nicolae_shop_tiny_real_fake_doors, shop, uniq_eustachio, uniq_sigmund
D:5:      layout_cave_pods, general_overflow_altar, xom_teletrap_fun,
          mainiacjoe_overflow_tiny_flanked, lemuel_doored_altar,
          chequers_serial_rivers_large_a, grunt_ministairs_15, corexii_shack,
          uniq_pikel, uniq_crazy_yiuf_cottage
D:6:      layout_loops_ring, amcnicky_altar_gilded,
          nicolae_overflow_crystal_walls, minmay_temple_entry_large_hall,
          gup_sewer_entry_pipe

Skill      XL: |  1  2  3  4  5  6  7  8  9 |
---------------+----------------------------+-----
Shields        | 4 5 |  5.0
Axes           | 3 4 5 7 8 11 13 14 | 14.7
Fighting       | |  3.6
Armour         | |  3.6

Action                     |  1- 3 |  4- 6 |  7- 9 || total
---------------------------+-------+-------+-------++-------
  Melee: War axe           |    64 |    48 |    96 ||   208
         Headbutt          |     9 |     7 |    16 ||    32
 Invoke: Berserk           |       |       |     2 ||     2
    Use: Potion            |       |       |     1 ||     1
 Armour: Scale mail        |    51 |    34 |    36 ||   121
  Dodge: Dodged            |    49 |    32 |    53 ||   134
  Block: Buckler           |    21 |    14 |    16 ||    51

Table legend: (Time is in decaauts)
 A = Elapsed time spent in this place.
 B = Non-inter-level travel time spent in this place.
 C = Inter-level travel time spent in this place.
 D = Time resting spent in this place.
 E = Time spent auto-exploring this place.
 F = Levels seen in this place.
 G = Mean time per level.
                   A        B        C        D        E       F      G
               +--------+--------+--------+--------+--------+-----+--------+
         Total |   4169 |   3912 |    257 |     46 |   2983 |   6 |  694.8 |
       Dungeon |   4169 |   3912 |    257 |     46 |   2983 |   6 |  694.8 |
               +--------+--------+--------+--------+--------+-----+--------+

Top non-repeatable levels by time:
     D:5: 1253 daAuts
     D:3: 786 daAuts
     D:4: 727 daAuts
     D:2: 681 daAuts
     D:1: 593 daAuts
     D:6: 126 daAuts
